 Dungeon Sprint DCSS version 0.17-a0-1830-g81820eb (webtiles) character file.

11859 Kidiri the Tortoise (level 11, -2/78 HPs)
             Began as a Gargoyle Berserker on Sept 13, 2015.
             Was the Champion of Trog.
             Slain by an anaconda (10 damage)
             ... in the Dungeon (Sprint III: "The Ten Rune Challenge").
             The game lasted 00:18:06 (5256 turns).

Kidiri the Tortoise (Gargoyle Berserker)            Turns: 5256, Time: 00:18:06

Health: -2/78      AC: 23    Str: 19    XL:     11   Next: 84%
Magic:  9/11       EV: 10    Int:  7    God:    Trog [******]
Gold:   35         SH:  2    Dex: 14    Spells: 0 memorised, 10 levels left

rFire  . . .     SeeInvis .     c - +2 dire flail of Henotheism {flame, rPois Str-2 Dex+3}
rCold  . . .     Clarity  .     b - +0 chain mail
rNeg   + . .     SustAt   .     (no shield)
rPois  ∞         Gourm    .     (no helmet)
rElec  +         Spirit   .     (no cloak)
rCorr  .         Warding  .     (no gloves)
rMut   .         NoTele   +     (no boots)
MR     .....                    (no amulet)
Stlth  ..........               (no ring)
                                (no ring)

@: exhausted, very slightly contaminated, hasted and slowed, constricted, not
resistant to hostile enchantments, extremely unstealthy
A: large bone plates 1, negative energy resistance 1, electricity resistance,
weak 1, unbreathing, petrification resistance, rot immunity, AC +7
a: Burn Spellbooks, Berserk, Trog's Hand, Brothers in Arms, Renounce Religion


You were in the Dungeon.
You worshipped Trog.
Trog was exalted by your worship.
You were very hungry.

You visited 1 branch You collected 35 gold pieces.

Inventory:

Hand weapons
 c - the +2 dire flail of Henotheism (weapon) {flame, rPois Str-2 Dex+3}
   (Trog gifted it to you in the Dungeon)

   It has been specially enchanted to burn those struck by it, causing extra
   injury to most foes and up to half again as much damage against particularly
   susceptible opponents.
   It affects your strength (-2).
   It affects your dexterity (+3).
   It protects you from poison.
 d - a +6 antimagic great mace
Armour
 b - a +0 chain mail (worn)
Scrolls
 j - 2 scrolls of torment
 k - a scroll of identify
 o - a scroll of remove curse
Potions
 g - 2 potions of magic
 h - a potion of berserk rage
 m - a potion of cure mutation
 n - 3 potions of flight
Comestibles
 l - 24 royal jellies
 u - 5 fruits


   Skills:
 + Level 13.2 Fighting
 * Level 16.4 Maces & Flails
 * Level 17.5 Armour
 + Level 10.2 Dodging


You had 10 spell levels left.
You didn't know any spells.

Dungeon Overview and Level Annotations

Branches:
Dungeon (1/1)

Altars:
Cheibriados
Dithmenos
Elyvilon
Fedhas
Gozag
Kikubaaqudgha
Makhleb
Nemelex Xobeh
Okawaru
Qazlal
Ru
Sif Muna
Trog
Vehumet
Xom
Yredelemnul
Zin
The Shining One
Jiyva
Lugonu


Innate Abilities, Weirdness & Mutations

You are resistant to torment.
Your stone body is resilient (AC +7).
You are immune to poison.
You resist negative energy.
You are resistant to electric shocks.
You can survive without breathing.
You are immune to petrification.
You are immune to rotting.
You are partially covered in large bone plates (AC +2, SH +2).
You are weak. (Str -2)


Message History

Okay, then.
Unknown command.
Drink which item? (? for menu, Esc to quit)
You feel yourself speed up. The anaconda barely misses you.
The anaconda constricts you.
The anaconda bites you but does no damage. x3
* * * LOW HITPOINT WARNING * * *
The anaconda constricts you.
The anaconda bites you but does no damage. x3
* * * LOW HITPOINT WARNING * * *
The anaconda constricts you.
The anaconda bites you but does no damage.
You are very lightly contaminated with residual magic.
All of the chunks of flesh in your inventory have rotted away.
You escape the anaconda's grasp.
The anaconda grabs you. The anaconda bites you.
* * * LOW HITPOINT WARNING * * *
x2 The anaconda constricts you.
The anaconda releases its grip on you. The anaconda grabs you.
The anaconda bites you!
You die...

♣♣♣♣.##%.##≈≈≈≈≈≈..#
♣.%.##.##.#≈≈≈≈≈...#
♣♣.##.##.##'≈≈≈≈≈####+#
♣..#.##.[%#≈≈...§.§!.#
♣♣.##.##..#≈..'#######
♣♣.##.#####...#......#
♣%....##.%...)#♣♣♣._.#
########'#############
#..@SSSS....##
#...S........#
###########..#
##...........#
#........S..##
#..##########
#...SS.... ##..SS....
#########


You could see 3 anacondas, a black mamba and an adder.

Vanquished Creatures
  Maud (D)
  Erica (D)
  2 anacondas (D)
  A spriggan druid (D)
  A lindwurm (D)
  2 black mambas (D)
  2 spiny frogs (D)
  A komodo dragon (D)
  3 wandering mushrooms (D)
  A queen bee (D)
  3 redbacks (D)
  2 spriggans (D)
  A necrophage (D)
  A water moccasin (D)
  2 brain worms (D)
  A water elemental (D)
  32 killer bees (D)
  A scorpion (D)
  A wizard (D)
  A necromancer (D)
  2 humans (D)
  A kobold demonologist (D)
  3 adders (D)
  4 rats (D)
70 creatures vanquished.

Vanquished Creatures (collateral kills)
  2 hydras (D)
  A centaur warrior (D)
  A death drake (D)
  2 black mambas (D)
  A deep elf priest (D)
  A shadow (D)
  A human (D)
  A spatial vortex (D)
  2 centaurs (D)
  An earth elemental (D)
  A jelly (D)
14 creatures vanquished.

Vanquished Creatures (others)
  2 draconian scorchers (D)
  3 yaktaurs (D)
  An electric eel (D)
6 creatures vanquished.

Grand Total: 90 creatures vanquished

Notes
Turn   | Place    | Note
--------------------------------------------------------------
     0 | D        | Kidiri the Gargoyle Berserker began the quest for the Orb.
     0 | D        | Reached XP level 1. HP: 14/14 MP: 1/1
    40 | D        | Acquired Trog's second power
   182 | D        | Killed a yaktaur
   213 | D        | Killed a white draconian scorcher
   214 | D        | Killed a white draconian scorcher
   226 | D        | Noticed a scorpion
   235 | D        | Killed a scorpion
   235 | D        | Reached skill level 4 in Fighting
   235 | D        | Reached skill level 5 in Maces & Flails
   235 | D        | Reached XP level 2. HP: 20/20 MP: 2/2
   235 | D        | Reached XP level 3. HP: 24/24 MP: 3/3
   244 | D        | Reached skill level 5 in Armour
   244 | D        | Reached XP level 4. HP: 26/30 MP: 4/4
   370 | D        | Gained mutation: You tend to lose your temper in combat. [potion of mutation]
   370 | D        | Gained mutation: You are weak. (Str -2) [potion of mutation]
   370 | D        | Gained mutation: You occasionally shout uncontrollably at your foes. [potion of mutation]
   371 | D        | Lost mutation: You tend to lose your temper in combat. [potion of cure mutation]
   371 | D        | Lost mutation: You occasionally shout uncontrollably at your foes. [potion of cure mutation]
   371 | D        | Lost mutation: You are weak. (Str -2) [potion of cure mutation]
   372 | D        | Gained mutation: You are partially covered in large bone plates (AC +2, SH +2). [potion of mutation]
   372 | D        | Gained mutation: You are weak. (Str -2) [potion of mutation]
   382 | D        | Noticed a water elemental
   404 | D        | Killed a water elemental
   404 | D        | Reached skill level 5 in Fighting
   404 | D        | Reached skill level 6 in Maces & Flails
   404 | D        | Reached XP level 5. HP: 33/35 MP: 5/5
   488 | D        | Found a radiant altar of Vehumet.
   489 | D        | Found a deep blue altar of Sif Muna.
   489 | D        | Found an ancient bone altar of Kikubaaqudgha.
   489 | D        | Noticed a wizard
   490 | D        | Noticed a rust devil
   496 | D        | Killed a wizard
   505 | D        | Reached skill level 7 in Maces & Flails
   515 | D        | Acquired Trog's third power
   807 | D        | Found a glowing silver altar of Zin.
   808 | D        | Found a glowing golden altar of the Shining One.
   808 | D        | Found a white marble altar of Elyvilon.
   808 | D        | Noticed a deep elf priest
   823 | D        | Killed a deep elf priest
   823 | D        | Reached skill level 8 in Maces & Flails
   823 | D        | Reached skill level 9 in Armour
   823 | D        | Reached XP level 6. HP: 35/44 MP: 6/6
   833 | D        | Found an iron altar of Okawaru.
   834 | D        | Found a bloodstained altar of Trog.
   834 | D        | Noticed a human
   834 | D        | Noticed a human
   839 | D        | Killed a human
   839 | D        | Reached skill level 5 in Dodging
   839 | D        | Reached XP level 7. HP: 48/48 MP: 7/7
   849 | D        | Killed a human
   924 | D        | Found a snail-covered altar of Cheibriados.
   924 | D        | Noticed a necrophage
   926 | D        | Noticed a necromancer
   930 | D        | Killed a necrophage
   930 | D        | Reached skill level 10 in Armour
   939 | D        | Killed a necromancer
   940 | D        | Found a basalt altar of Yredelemnul.
   940 | D        | Found a blossoming altar of Fedhas.
  1062 | D        | Noticed a jelly
  1064 | D        | Noticed a shadow
  1065 | D        | Killed a jelly
  1067 | D        | Killed a shadow
  1067 | D        | Reached skill level 10 in Maces & Flails
  1076 | D        | Found a stormy altar of Qazlal.
  1077 | D        | Found a sacrificial altar of Ru.
  1077 | D        | Found a burning altar of Makhleb.
  1077 | D        | Found a viscous altar of Jiyva.
  1077 | D        | Found a shimmering altar of Xom.
  1077 | D        | Found a shadowy altar of Dithmenos.
  1077 | D        | Found a sparkling altar of Nemelex Xobeh.
  1077 | D        | Found a corrupted altar of Lugonu.
  1077 | D        | Found an opulent altar of Gozag.
  1077 | D        | Noticed a spatial vortex
  1081 | D        | Killed a spatial vortex
  1094 | D        | Noticed Erica
  1104 | D        | Killed Erica
  1104 | D        | Reached skill level 11 in Maces & Flails
  1104 | D        | Reached XP level 8. HP: 56/56 MP: 8/8
  1169 | D        | Noticed an earth elemental
  1175 | D        | Killed an earth elemental
  1175 | D        | Reached skill level 12 in Armour
  1290 | D        | Noticed a centaur
  1290 | D        | Noticed a centaur warrior
  1290 | D        | Noticed a centaur
  1293 | D        | Killed a centaur warrior
  1293 | D        | Reached XP level 9. HP: 61/61 MP: 9/9
  1294 | D        | Killed a centaur
  1295 | D        | Killed a centaur
  2014 | D        | HP: 1/61 [something (6)]
  2257 | D        | Killed a yaktaur
  2418 | D        | Killed a yaktaur
  3240 | D        | Noticed a killer bee
  3240 | D        | Noticed a queen bee
  3240 | D        | Noticed a killer bee
  3240 | D        | Noticed a killer bee
  3240 | D        | Noticed a killer bee
  3240 | D        | Noticed a killer bee
  3240 | D        | Noticed a killer bee
  3240 | D        | Noticed a killer bee
  3240 | D        | Noticed a killer bee
  3240 | D        | Noticed a killer bee
  3240 | D        | Noticed a killer bee
  3240 | D        | Noticed a killer bee
  3240 | D        | Noticed a killer bee
  3240 | D        | Noticed a killer bee
  3240 | D        | Noticed a killer bee
  3240 | D        | Noticed a killer bee
  3240 | D        | Noticed a killer bee
  3241 | D        | Noticed a killer bee
  3241 | D        | Noticed a killer bee
  3242 | D        | Noticed a killer bee
  3242 | D        | Noticed a killer bee
  3242 | D        | Noticed a killer bee
  3245 | D        | Noticed a killer bee
  3245 | D        | Noticed a killer bee
  3247 | D        | Noticed a killer bee
  3247 | D        | Killed a killer bee
  3248 | D        | Noticed a killer bee
  3249 | D        | Noticed a killer bee
  3250 | D        | Noticed a killer bee
  3250 | D        | Noticed a killer bee
  3251 | D        | Killed a killer bee
  3259 | D        | Noticed a killer bee
  3261 | D        | Noticed a killer bee
  3262 | D        | Noticed a killer bee
  3274 | D        | Killed a killer bee
  3278 | D        | Killed a killer bee
  3284 | D        | Noticed a killer bee
  3286 | D        | Killed a killer bee
  3290 | D        | Killed a killer bee
  3295 | D        | Killed a killer bee
  3295 | D        | Reached skill level 13 in Armour
  3306 | D        | Killed a killer bee
  3318 | D        | Killed a killer bee
  3318 | D        | Received a gift from Trog
  3322 | D        | Killed a killer bee
  3322 | D        | Reached skill level 10 in Fighting
  3325 | D        | Killed a killer bee
  3329 | D        | Killed a killer bee
  3340 | D        | Killed a killer bee
  3343 | D        | Killed a killer bee
  3364 | D        | Killed a killer bee
  3368 | D        | Killed a killer bee
  3405 | D        | Killed a killer bee
  3405 | D        | Received a gift from Trog
  3417 | D        | Killed a killer bee
  3429 | D        | Killed a killer bee
  3432 | D        | Killed a killer bee
  3434 | D        | Killed a killer bee
  3437 | D        | Killed a killer bee
  3443 | D        | Killed a killer bee
  3447 | D        | Killed a killer bee
  3447 | D        | Received a gift from Trog
  3449 | D        | Killed a killer bee
  3453 | D        | Killed a killer bee
  3456 | D        | Killed a killer bee
  3718 | D        | Killed a killer bee
  3729 | D        | Killed a queen bee
  3729 | D        | Reached skill level 14 in Armour
  3729 | D        | Reached XP level 10. HP: 50/68 MP: 3/10
  3732 | D        | Killed a killer bee
  3735 | D        | Killed a killer bee
  3735 | D        | Received a gift from Trog
  3756 | D        | Killed a killer bee
  3760 | D        | Killed a killer bee
  3918 | D        | Noticed a wandering mushroom
  3922 | D        | Noticed a wandering mushroom
  3924 | D        | Noticed a wandering mushroom
  3929 | D        | Killed a wandering mushroom
  3937 | D        | Killed a wandering mushroom
  3945 | D        | Killed a wandering mushroom
  4110 | D        | Noticed a spiny frog
  4110 | D        | Noticed a komodo dragon
  4110 | D        | Noticed a spiny frog
  4113 | D        | Killed a spiny frog
  4115 | D        | Killed a spiny frog
  4115 | D        | Reached skill level 15 in Armour
  4120 | D        | Killed a komodo dragon
  4158 | D        | Noticed a redback
  4161 | D        | Killed a redback
  4161 | D        | Received a gift from Trog
  4173 | D        | Noticed a brain worm
  4178 | D        | Killed a brain worm
  4183 | D        | Noticed a brain worm
  4186 | D        | Killed a brain worm
  4249 | D        | Noticed a lindwurm
  4252 | D        | Noticed a redback
  4256 | D        | Killed a lindwurm
  4256 | D        | Killed an electric eel
  4257 | D        | Killed a redback
  4320 | D        | Noticed a redback
  4329 | D        | Killed a redback
  4329 | D        | Received a gift from Trog
  4486 | D        | Noticed Maud
  4496 | D        | Killed Maud
  4496 | D        | Reached skill level 15 in Maces & Flails
  4496 | D        | Reached skill level 16 in Armour
  4496 | D        | Reached XP level 11. HP: 22/76 MP: 3/11
  4761 | D        | Noticed a four-headed hydra
  4761 | D        | Noticed a four-headed hydra
  4768 | D        | Killed a three-headed hydra
  4769 | D        | Killed a four-headed hydra
  4778 | D        | Noticed a death drake
  4781 | D        | Killed a death drake
  4810 | D        | Found a blossoming altar of Fedhas.
  4810 | D        | Noticed a spriggan
  4810 | D        | Noticed a spriggan druid
  4810 | D        | Noticed a spriggan
  4827 | D        | Killed a spriggan druid
  4836 | D        | Killed a spriggan
  4836 | D        | Received a gift from Trog
  4840 | D        | Killed a spriggan
  4970 | D        | Noticed a black mamba
  4971 | D        | Noticed a black mamba
  4975 | D        | Killed a black mamba
  4976 | D        | Killed a black mamba
  4994 | D        | Noticed an anaconda
  4994 | D        | Noticed an anaconda
  4994 | D        | Noticed a black mamba
  4994 | D        | Noticed a black mamba
  4994 | D        | Noticed a water moccasin
  5019 | D        | Killed an anaconda
  5019 | D        | Reached skill level 17 in Armour
  5019 | D        | Reached skill level 10 in Dodging
  5026 | D        | Killed an anaconda
  5028 | D        | Killed a black mamba
  5034 | D        | Killed a black mamba
  5207 | D        | Received a gift from Trog
  5208 | D        | Got a polished dire flail {god gift}
  5209 | D        | Identified the +2 dire flail of Henotheism {flame, rPois Str-2 Dex+3} (Trog gifted it to you in the Dungeon)
  5217 | D        | Killed a water moccasin
  5232 | D        | Noticed an anaconda
  5232 | D        | Noticed an anaconda
  5232 | D        | Noticed an anaconda
  5232 | D        | Noticed a water moccasin
  5232 | D        | Noticed a black mamba
  5256 | D        | Slain by an anaconda

Vault maps used:
D:        dungeon_sprint_mu

Action                   |  1- 3 |  4- 6 |  7- 9 | 10-12 || total
-------------------------+-------+-------+-------+-------++-------
Melee: Mace              |    23 |    35 |   227 |       ||   285
       Dire flail        |       |       |    48 |     3 ||    51
       Great mace        |       |       |    13 |   126 ||   139
       War axe           |       |       |    12 |       ||    12
Invok: Berserk           |     1 |     1 |     2 |     4 ||     8
       Trog's Hand       |       |     2 |     3 |     1 ||     6
       Brothers in Arms  |       |     1 |     4 |     2 ||     7
       Burn Spellbooks   |       |     1 |       |       ||     1
  Use: Potion            |     1 |     3 |     2 |     1 ||     7
       Scroll            |       |     2 |       |     2 ||     4
  Eat: Royal jelly       |       |     1 |     1 |     2 ||     4
       Chunk             |       |       |     4 |     3 ||     7
       Fruit             |       |       |     3 |     1 ||     4
       Bread ration      |       |       |     1 |       ||     1
